 Dungeon Crawl Stone Soup version 0.17.1-2-g5865329 (webtiles) character file.

2837 Duffy the Ducker (level 9, -9/62 HPs)
             Began as a High Elf Ice Elementalist on Jan 16, 2016.
             Was a Follower of Ashenzari.
             Mangled by a white ugly thing (30 damage)
             ... on level 9 of the Dungeon.
             The game lasted 00:19:03 (13271 turns).

Duffy the Ducker (High Elf Ice Elementalist)       Turns: 13271, Time: 00:19:03

Health: -9/62      AC:  8    Str:  8    XL:     9   Next: 45%
Magic:  19/19      EV: 13    Int: 21    God:    Ashenzari [*.....]
Gold:   436        SH:  0    Dex: 17    Spells: 3 memorised, 12 levels left

rFire  + . .     SeeInvis .     D - +2 scimitar (freeze) (curse)
rCold  . . .     Clarity  .     e - +2 ring mail {rF+} (curse)
rNeg   . . .     SustAt   .     (no shield)
rPois  +         Gourm    .     (no helmet)
rElec  .         Spirit   .     (no cloak)
rCorr  .         Warding  .     (no gloves)
rMut   .         Stasis   .     w - +0 pair of boots (curse)
MR     .....                    o - amulet of rage (curse)
Stlth  ++........               r - ring of poison resistance (curse)
                                i - ring of flight

@: not resistant to hostile enchantments, unstealthy
A: no striking features
a: Scrying, Renounce Religion, Evoke Berserk Rage, Evoke Flight


You were on level 9 of the Dungeon.
You worshipped Ashenzari.
Ashenzari was aware of your devotion.
You were not hungry.

You visited 2 branches of the dungeon, and saw 10 of its levels.

You collected 436 gold pieces.


   Skills:
 + Level 6.2 Fighting
 + Level 6.5 Long Blades
 + Level 1.8 Armour
 - Level 6.8 Dodging
 - Level 2.2 Stealth
 - Level 6.0 Spellcasting
   Level 1.1 Conjurations
 - Level 4.0 Summonings
 - Level 4.2 Ice Magic


You had 12 spell levels left.
You knew the following spells:

 Your Spells              Type           Power        Failure   Level  Hunger
a - Freeze                Ice            ###.         6%          1    None
l - Summon Ice Beast      Ice/Summ       ###.....     58%         4    ####...
w - Ozocubu's Armour      Chrm/Ice       ###.....     38%         3    ##.....

Inventory:

Hand Weapons
 D - a cursed +2 scimitar of freezing (weapon)
Missiles
 d - 12 tomahawks (quivered)
Armour
 e - a cursed +2 ring mail of fire resistance (worn)
 w - a cursed +0 pair of boots (worn)
Jewellery
 i - a ring of flight (left hand)
 o - a cursed amulet of rage (around neck)
 r - a cursed ring of poison resistance (right hand)
 C - an uncursed amulet of stasis
Wands
 t - a wand of random effects (21)
 A - a wand of polymorph (8)
Scrolls
 a - 2 scrolls of curse weapon
 f - 2 scrolls of immolation
 h - a scroll of recharging {unknown}
 j - 4 scrolls of amnesia
 n - a scroll of noise {unknown}
 p - 2 scrolls of blinking
 q - 5 scrolls of curse armour
 s - 2 scrolls of enchant weapon {unknown}
 u - 4 scrolls of random uselessness {unknown}
 v - 2 scrolls of enchant armour {unknown}
 y - a scroll of teleportation {unknown}
 F - a scroll of magic mapping {unknown}
 G - a scroll of curse jewellery
Potions
 g - a potion of lignification {unknown}
 m - 5 potions of curing
 x - 2 potions of brilliance
 B - a potion of mutation {unknown}
 H - a potion of invisibility {unknown}
Books
 b - a book of Frost
 z - a book of Frost
Comestibles
 c - 6 bread rations
 k - 5 meat rations
 l - a beef jerky
 E - 5 chunks of flesh

Dungeon Overview and Level Annotations

Branches:
Dungeon (9/15)             Temple (1/1) D:6            Lair (0/8) D:8
    Orc: D:9-12

Altars:
Ashenzari
Cheibriados
Dithmenos
Elyvilon
Fedhas
Gozag
Kikubaaqudgha
Makhleb
Nemelex Xobeh
Okawaru
Qazlal
Ru
Sif Muna
Trog
Vehumet
Xom
Yredelemnul
Zin
The Shining One


Message History

The scroll of remove curse flickers black.
A scroll of curse armour and 2 scrolls of curse jewellery appear.
Ashenzari is aware of your devotion.
q - 5 scrolls of curse armour (gained 1)
G - 2 scrolls of curse jewellery Read which item? (? for menu, Esc to quit)
Curse which item? (? for menu, Esc to quit)
As you read the scroll of curse jewellery, it crumbles to dust.
Your amulet of rage glows black for a moment.
You are partially bound in magic.
You are moderately bound.
Put on which piece of jewellery? (? for menu, Esc to quit)
Okay, then.
You now have 436 gold pieces (gained 19).
You open the door.
There is an open door here.
You open the door.
There is an open door here.
Found a stone staircase leading down.
H - a fuming cyan potion
Okay, then.
A worker ant and an ugly thing come into view.
The worker ant twitches its antennae in your direction.
Found a stone staircase leading up.
Found three items.
There is a stone staircase leading down here.
The white ugly thing gurgles horribly!
You hear a shout!
You hear a shout!
You hear a shout!
The white ugly thing barely misses you. The worker ant completely misses you.
The white ugly thing headbutts you. The white ugly thing freezes you!!
Ouch!
That really hurt! 2 orcs come into view.
The worker ant closely misses you. The white ugly thing headbutts you.
The white ugly thing freezes you!!
You die...

#...# #.#.#
#...# ###.#
#.# #.# #
#.# #.###.+
#.?@>.#
###ua.#
........
.?<.......#
#..........#
#..........#
+...o....$.#
#......o...+


You could see a white ugly thing, a worker ant and 2 orcs.

Action                   |  1- 3 |  4- 6 |  7- 9 || total
-------------------------+-------+-------+-------++-------
Melee: Unarmed           |       |     2 |       ||     2
       Scimitar          |       |       |   174 ||   174
Throw: Tomahawk          |       |       |     5 ||     5
 Cast: Freeze            |    69 |   137 |    94 ||   300
       Summon Ice Beast  |       |    12 |    57 ||    69
  Use: Scroll            |       |       |    12 ||    12
 Stab: Distracted        |       |       |     1 ||     1
  Eat: Chunk             |     3 |    14 |    25 ||    42
       Beef jerky        |       |       |     4 ||     4
       Fruit             |       |       |     1 ||     1
       Pizza             |       |       |     1 ||     1

Notes
Turn   | Place    | Note
--------------------------------------------------------------
     0 | D:1      | Duffy the High Elf Ice Elementalist began the quest for the Orb.
     0 | D:1      | Reached XP level 1. HP: 11/11 MP: 4/4
   256 | D:1      | Reached XP level 2. HP: 15/17 MP: 0/6
  1441 | D:2      | Reached skill level 3 in Spellcasting
  1448 | D:1      | Reached XP level 3. HP: 17/21 MP: 0/8
  1585 | D:2      | Reached skill level 4 in Ice Magic
  2032 | D:2      | Found an iron altar of Okawaru.
  2074 | D:2      | Reached XP level 4. HP: 27/27 MP: 6/10
  2083 | D:2      | Learned a level 4 spell: Summon Ice Beast
  2087 | D:2      | Learned a level 3 spell: Ozocubu's Armour
  2376 | D:2      | Noticed Jessica
  2388 | D:2      | Killed Jessica
  2388 | D:2      | Reached skill level 1 in Summonings
  2681 | D:2      | Reached skill level 4 in Spellcasting
  3230 | D:3      | Noticed Aokaililo's ghost (amateur DsGl)
  3477 | D:2      | Reached XP level 5. HP: 21/31 MP: 5/12
  4273 | D:4      | Reached skill level 2 in Summonings
  4890 | D:4      | Reached XP level 6. HP: 19/36 MP: 7/14
  5051 | D:4      | Noticed Bubs's ghost (amateur DsAK)
  5082 | D:4      | Killed Bubs's ghost
  5082 | D:4      | Reached skill level 5 in Spellcasting
  5082 | D:4      | Reached skill level 3 in Summonings
  5404 | D:4      | Noticed an ogre
  5408 | D:4      | Killed an ogre
  5551 | D:4      | Found an opulent altar of Gozag.
  6252 | D:3      | Killed Aokaililo's ghost
  6252 | D:3      | Reached skill level 4 in Summonings
  6252 | D:3      | Reached XP level 7. HP: 41/41 MP: 1/16
  6382 | D:5      | Entered Level 5 of the Dungeon
  6393 | D:5      | Reached skill level 6 in Spellcasting
  6620 | D:5      | Found a blossoming altar of Fedhas.
  6996 | D:5      | Reached skill level 1 in Fighting
  7100 | D:5      | Reached skill level 3 in Dodging
  7441 | D:5      | Reached skill level 2 in Fighting
  7608 | D:6      | Found a staircase to the Ecumenical Temple.
  7633 | Temple   | Entered the Ecumenical Temple
  7783 | Temple   | Became a worshipper of Ashenzari the Shackled
  7841 | D:6      | Reached skill level 4 in Dodging
  8126 | D:4      | Reached skill level 3 in Fighting
  8621 | D:6      | Reached skill level 1 in Long Blades
  8790 | D:6      | Reached XP level 8. HP: 52/52 MP: 18/18
  8798 | D:6      | Found a snail-covered altar of Cheibriados.
  8850 | D:6      | Found a sacrificial altar of Ru.
  8850 | D:6      | Found a white marble altar of Elyvilon.
  9038 | D:6      | Reached skill level 2 in Long Blades
  9243 | D:6      | Reached skill level 5 in Dodging
  9728 | D:6      | Reached skill level 4 in Fighting
  9929 | D:7      | Reached skill level 3 in Long Blades
 10274 | D:7      | Found a bloodstained altar of Trog.
 10682 | D:7      | Reached skill level 4 in Long Blades
 10941 | D:8      | Found a sparkling altar of Nemelex Xobeh.
 10941 | D:8      | Found a burning altar of Makhleb.
 10941 | D:8      | Found an ancient bone altar of Kikubaaqudgha.
 10959 | D:8      | Got the cursed chain mail of Winter {rPois}
 11061 | D:8      | Reached skill level 5 in Fighting
 11061 | D:8      | Reached skill level 6 in Dodging
 11479 | D:8      | Reached skill level 5 in Long Blades
 11713 | D:8      | Reached XP level 9. HP: 46/61 MP: 4/19
 11817 | D:8      | Identified the cursed +1 chain mail of Winter {rPois} (You found it on level 8 of the Dungeon)
 11845 | D:8      | Found a staircase to the Lair.
 11846 | D:8      | Noticed a fire drake
 11858 | D:8      | Killed a fire drake
 12100 | D:8      | Reached * piety under Ashenzari
 12192 | D:8      | Reached skill level 6 in Long Blades
 12266 | D:8      | Reached skill level 6 in Fighting
 12452 | D:8      | Reached skill level 1 in Armour
 13264 | D:9      | Noticed a white ugly thing
 13271 | D:9      | Mangled by a white ugly thing

Vault maps used:
D:1:      dpeg_arrival_simpleton_b, serial_park_tiny_2
D:2:      first_bread, okawaru_metal_pillars_1_2, uniq_jessica
D:4:      serial_bayou, serial_bayou_crossing, serial_bayou_pond_e,
          serial_bayou_ford_a, serial_bayou_pond_e, serial_bayou_pond_e,
          nicolae_gozag_seed_capital
D:5:      fedhas_altar_2
D:6:      kennysheep_little_box, grunt_temple_overflow_open
D:7:      old_standard_altar
D:8:      gammafunk_temple_overflow_forgotten, minmay_lair_entry_lava
D:9:      uniq_psyche
Temple:   circular_temple_12

Vanquished Creatures
  A fire drake
  2 wyverns
  A hungry ghost
  The ghost of Bubs the Skirmisher, an amateur DsAK of Lugonu
  The ghost of Aokaililo the Ducker, an amateur DsGl
  A phantom
  An orc warrior
  2 ice beasts
  2 centaurs
  5 ogres
  3 giant frogs
  3 scorpions
  4 wights
  A quasit
  4 crimson imps
  A wasp zombie
  An iguana
  A jelly
  A centaur skeleton
  5 worker ants
  4 giant frog skeletons
  7 orc wizards Jessica
  A hound
  2 orc priests
  2 hound zombies
  2 worker ant zombies
  3 gnolls
  16 adders
  2 shadow imps
  An ooze
  4 adder skeletons
  6 worms
  7 giant geckos
  28 orcs
  4 ball pythons
  3 giant cockroaches
  10 hobgoblins
  13 jackals
  8 kobolds
  4 quokkas
  2 ball python skeletons
  9 bats
  A giant cockroach zombie
  3 giant newts
  4 goblins
  A quokka skeleton
  8 rats
197 creatures vanquished.
